2588 views
Uploaded 2024-11-15 05:22:50
Game version 1.36 (6115)
14:43 long 1on1 ladder game on (2)Tidehunters
Saved by Cabeelibob
2588 views
Uploaded 2024-11-15 05:22:50
Game version 1.36 (6115)
14:43 long 1on1 ladder game on (2)Tidehunters

20 units @ 2.8k
/ 0.2k
12 buildings @ 2k
/ 0.6k

| Moonstone | 1 | 50 |
| Potion of Healing | 1 | 150 |
| Potion of Mana | 2 | 400 |
| total: | 4 | 600g |
| Wisp | 8 | 480 | / | 0 |
| Huntress | 12 | 2340 | / | 240 |
| total: | 20 | 2820g | / | 240w |
| Altar of Elders | 1 | 180 | / | 50 |
| Moon Well | 7 | 1260 | / | 280 |
| Ancient of War | 2 | 300 | / | 120 |
| Hunter's Hall | 1 | 210 | / | 100 |
| Ancient of Wonders | 1 | 90 | / | 30 |
| Tree of Ages | 1 | 320 | / | 180 |
| total: | 12 | 2040g | / | 580w |
| 0:03 | Wisp |
| 0:03 | Wisp |
| 0:06 | Altar of Elders |
| 0:15 | Moon Well |
| 0:30 | Wisp |
| 0:30 | Wisp |
| 0:30 | Wisp |
| 0:34 | Wisp |
| 0:55 | Wisp |
| 1:18 | Wisp |
| 1:44 | Ancient of War |
| 1:47 | Ancient of War |
| 1:52 | Hunter's Hall |
| 2:05 | Moon Well |
| 2:07 | Force of Nature |
| 2:57 | Huntress |
| 3:20 | Huntress |
| 3:39 | Moon Well |
| 3:53 | Moon Armor |
| 4:34 | Huntress |
| 5:11 | Huntress |
| 5:24 | Entangling Roots |
| 5:30 | Moon Well |
| 5:39 | Ancient of Wonders |
| 6:04 | Strength of the Moon |
| 7:01 | Moon Well |
| 7:03 | Huntress |
| 7:42 | Huntress |
| 7:47 | Force of Nature |
| 7:55 | Moon Well |
| 8:09 | Moonstone |
| 8:23 | Huntress |
| 9:05 | Tree of Ages |
| 10:01 | Entangling Roots |
| 10:17 | Huntress |
| 11:03 | Huntress |
| 11:07 | Huntress |
| 11:24 | Moon Well |
| 11:32 | Improved Moon Armor |
| 11:38 | Moon Glaive |
| 11:44 | Potion of Healing |
| 11:50 | Potion of Mana |
| 12:15 | Potion of Mana |
| 12:47 | Improved Strength of the Moon |
| 13:06 | Force of Nature |
| 13:28 | Huntress |
| 13:28 | Huntress |
| Right click | 256 |
| Select | 182 |
| Select group | 102 |
| Build/train/purchase | 42 |
| Use ability | 19 |
| Assign group | 10 |
| Chat | 8 |
| Remove unit | 1 |
37 units @ 4.7k
/ 0.9k
11 buildings @ 1.8k
/ 0.8k

| Potion of Healing | 2 | 300 |
| Potion of Mana | 2 | 400 |
| Lesser Clarity Potion | 1 | 70 |
| Scroll of Town Portal | 1 | 350 |
| Circlet of Nobility | 1 | 175 |
| total: | 7 | 1295g |
| Wisp | 17 | 1020 | / | 0 |
| Archer | 5 | 650 | / | 50 |
| Huntress | 4 | 780 | / | 80 |
| Dryad | 5 | 725 | / | 300 |
| Druid of the Claw | 6 | 1530 | / | 480 |
| total: | 37 | 4705g | / | 910w |
| Altar of Elders | 1 | 180 | / | 50 |
| Moon Well | 4 | 720 | / | 160 |
| Ancient of War | 1 | 150 | / | 60 |
| Hunter's Hall | 1 | 210 | / | 100 |
| Ancient of Wonders | 1 | 90 | / | 30 |
| Ancient of Lore | 3 | 465 | / | 435 |
| Tree of Ages | 1 | 320 | / | 180 |
| Tree of Eternity | 1 | 330 | / | 200 |
| total: | 11 | 1815g | / | 835w |
| 0:03 | Altar of Elders |
| 0:03 | Wisp |
| 0:16 | Wisp |
| 0:19 | Moon Well |
| 0:30 | Wisp |
| 0:49 | Ancient of War |
| 0:51 | Wisp |
| 0:51 | Wisp |
| 1:03 | Wisp |
| 1:15 | Wisp |
| 1:33 | Moon Well |
| 1:36 | Wisp |
| 1:44 | Wisp |
| 1:58 | Archer |
| 2:34 | Wisp |
| 2:34 | Wisp |
| 2:41 | Fan of Knives |
| 3:01 | Wisp |
| 3:05 | Tree of Ages |
| 3:06 | Archer |
| 3:06 | Archer |
| 3:25 | Archer |
| 3:35 | Blink |
| 3:40 | Hunter's Hall |
| 3:44 | Ancient of Wonders |
| 3:48 | Moon Well |
| 4:10 | Archer |
| 4:30 | Circlet of Nobility |
| 4:48 | Strength of the Wild |
| 5:18 | Huntress |
| 5:31 | Ancient of Lore |
| 5:34 | Ancient of Lore |
| 5:49 | Huntress |
| 5:56 | Fan of Knives |
| 6:06 | Reinforced Hides |
| 6:07 | Tree of Eternity |
| 6:27 | Huntress |
| 7:04 | Dryad |
| 7:07 | Ancient of Lore |
| 7:39 | Huntress |
| 7:47 | Potion of Healing |
| 7:49 | Potion of Mana |
| 7:57 | Moon Well |
| 8:19 | Dryad |
| 8:20 | Druid of the Claw Adept Training |
| 8:29 | Blink |
| 8:39 | Dryad |
| 8:57 | Lesser Clarity Potion |
| 9:07 | Improved Strength of the Wild |
| 9:41 | Dryad |
| 10:13 | Druid of the Claw Master Training |
| 10:17 | Wisp |
| 10:17 | Wisp |
| 10:17 | Wisp |
| 10:56 | Druid of the Claw |
| 10:57 | Dryad |
| 11:05 | Wisp |
| 11:06 | Wisp |
| 11:24 | Improved Reinforced Hides |
| 11:26 | Druid of the Claw |
| 11:44 | Druid of the Claw |
| 12:19 | Druid of the Claw |
| 12:50 | Scroll of Town Portal |
| 13:03 | Fan of Knives |
| 13:33 | Potion of Mana |
| 13:35 | Potion of Healing |
| 13:52 | Spirit of Vengeance |
| 13:57 | Druid of the Claw |
| 13:58 | Druid of the Claw |
| Right click | 526 |
| Select | 256 |
| Build/train/purchase | 87 |
| Misc. action | 60 |
| Select group | 52 |
| Assign group | 17 |
| Use ability | 12 |
| Item give/drop | 6 |
| Chat | 6 |
| Remove unit | 3 |
| Esc | 1 |